 Dungeon Crawl Stone Soup version 0.21-a0-401-g0b6bec4 (webtiles) character file.

3655 nikopol the Spear-Bearer (level 9, -2/82 HPs)
             Began as a Minotaur Berserker on Oct 23, 2017.
             Was a High Priest of Trog.
             Killed from afar by an orc wizard (6 damage)
             ... with a magic dart
             ... on level 8 of the Dungeon.
             The game lasted 00:19:25 (5621 turns).

nikopol the Spear-Bearer (Minotaur Berserker)       Turns: 5621, Time: 00:19:25

Health: -2/82      AC:  7    Str: 22    XL:     9   Next: 88%
Magic:  8/8        EV: 13    Int:  4    God:    Trog [*****.]
Gold:   213        SH:  0    Dex: 13    Spells: 8/8 levels left

rFire    + . .     SeeInvis +   M - +1 halberd (freeze)
rCold    + . .     Gourm    .   (shield currently unavailable)
rNeg     . . .     Faith    .   v - +1 ring mail {rC+}
rPois    .         Spirit   .   (helmet restricted)
rElec    .         Reflect  .   (no cloak)
rCorr    .         Harm     .   (no gloves)
MR       .....                  (no boots)
Stlth    +.........             (no amulet)
HPRegen  0.23/turn              z - ring of protection from fire
MPRegen  0.11/turn              s - ring of see invisible

@: berserk cooldown, slowed, very slow
A: retaliatory headbutt, horns 2
a: Berserk, Trog's Hand, Brothers in Arms, Burn Spellbooks, Renounce Religion


You were on level 8 of the Dungeon.
You worshipped Trog.
Trog was extremely pleased with you.
You were hungry.

You visited 1 branch of the dungeon, and saw 8 of its levels.

You collected 213 gold pieces.

Inventory:

Hand Weapons
 u - a +2 flail of holy wrath
 M - a +1 halberd of freezing (weapon)
Missiles
 g - 172 arrows
Armour
 v - a +1 ring mail of cold resistance (worn)
Jewellery
 s - a ring of see invisible (right hand)
 z - a ring of protection from fire (left hand)
Wands
 p - a wand of flame (28/48)
 J - a wand of paralysis (16/24)
Scrolls
 d - 3 scrolls of amnesia {unknown}
 e - 5 scrolls of identify
 h - 5 scrolls of teleportation
 j - 3 scrolls of random uselessness {unknown}
 n - 2 scrolls of recharging {unknown}
 y - a scroll of magic mapping {unknown}
 A - 3 scrolls of enchant weapon {unknown}
 B - 4 scrolls of remove curse
 D - 2 scrolls of enchant armour {unknown}
 I - a scroll of immolation {unknown}
 K - a scroll of fear {unknown}
Potions
 a - a potion of mutation {unknown}
 k - a potion of lignification {unknown}
 l - 2 potions of curing {unknown}
 t - 3 potions of heal wounds {unknown}
 F - a potion of haste {unknown}
 G - a potion of might {unknown}
 H - a potion of brilliance {unknown}
 L - a potion of flight {unknown}
Books
 b - a book of Conjurations

   Spells                             Type                      Level
   a - Magic Dart                     Conjuration                  1
   b - Searing Ray                    Conjuration                  2
   c - Dazzling Spray                 Conjuration/Hexes            3
   d - Fulminant Prism                Conjuration/Hexes            4
   e - Force Lance                    Conjuration/Translocation    4
   f - Iskenderun's Mystic Blast      Conjuration                  4
   Trog disapproves of the use of such an item.
Comestibles
 c - 7 bread rations
 f - 8 meat rations
 i - 2 royal jellies
 E - 14 fruits


   Skills:
 + Level 8.8 Fighting
 + Level 11.8 Polearms
 + Level 8.3 Armour
 + Level 4.4 Dodging
 + Level 2.2 Stealth


You had 8 spell levels left.
You didn't know any spells.

Dungeon Overview and Level Annotations

Branches:
Dungeon (8/15)             Temple (0/1) D:4
   Lair: D:8-11

Altars:
Dithmenos
Elyvilon
Gozag
Kikubaaqudgha
Okawaru
Vehumet


Innate Abilities, Weirdness & Mutations

You reflexively headbutt those who attack you in melee.
You have a pair of horns on your head.


Message History

The orc priest hits you with a dagger.
* * * LOW HITPOINT WARNING * * *
The orc wizard hits you but does no damage.
The big kobold throws a stone.
The stone barely misses you.
The stone hits the orc.
The orc priest hits you but does no damage.
The orc wizard hits you with a dagger of flaming.
* * * LOW HITPOINT WARNING * * *
The orc barely misses you. You furiously retaliate!
You headbutt the orc.
A kobold comes into view.
There is a stone staircase leading up here.
The kobold shouts!
The kobold throws a stone.
The stone barely misses you.
The orc priest invokes the aid of Beogh against you.
Beogh smites you!
* * * LOW HITPOINT WARNING * * *
The orc wizard hits you but does no damage.
The orc wizard points at you and mumbles some strange words.
The magic dart hits you!
You die...

.... ....
...##... #..
.... .. ...
##.# h. #..#
.#
#####.####.#
#..(oh(()(†#
#..@oo.)†).#
#...o..)...#
#....$.....#
#.............
#..o...(....##
#KK.........#
...K.........#
...o.#########


You could see a warg, an orc warrior, a big kobold, an orc priest, 2 orc
wizards, 2 orcs and 2 kobolds.

Vanquished Creatures
  A hippogriff (D:7)
  Menkaure (D:7)
  Edmund (D:4)
  3 wargs (D:8)
  2 sky beasts
  An ice beast (D:6)
  2 orc warriors
  A phantom (D:7)
  A centaur (D:6)
  5 ogres
  3 bullfrogs
  2 scorpions
  13 wights
  5 crimson imps
  3 bullfrog zombies
  A jelly (D:6)
  4 hounds
  5 orc priests
  4 orc wizards
  2 centaur skeletons
  3 worker ants
  A hound zombie (D:5)
  8 gnolls
  4 adders
  2 oozes
  2 adder skeletons
  An adder zombie (D:5)
  A worm (D:4)
  6 leopard geckos
  26 orcs
  A ball python (D:1)
  3 giant cockroaches
  7 goblins
  5 hobgoblins
  3 jackals (D:4)
  2 kobolds (D:2)
  2 quokkas
  11 bats
  4 frilled lizards
  9 rats
161 creatures vanquished.

Notes
Turn   | Place    | Note
-------+----------+-------------------------------------------
     0 | D:1      | nikopol the Minotaur Berserker began the quest for the Orb.
     0 | D:1      | Reached XP level 1. HP: 19/19 MP: 0/0
   201 | D:1      | Reached XP level 2. HP: 23/27 MP: 1/1
   833 | D:2      | Reached skill level 4 in Polearms
  1021 | D:2      | Reached XP level 3. HP: 22/34 MP: 2/2
  1148 | D:2      | Reached ** piety under Trog
  1496 | D:3      | Reached XP level 4. HP: 40/41 MP: 3/3
  1897 | D:4      | Noticed Edmund
  1909 | D:4      | Killed Edmund
  1909 | D:4      | Reached skill level 5 in Fighting
  1909 | D:4      | Reached skill level 5 in Polearms
  1909 | D:4      | Reached skill level 1 in Stealth
  1909 | D:4      | Reached XP level 5. HP: 48/48 MP: 4/4
  1951 | D:4      | Reached XP level 6. HP: 39/56 MP: 5/5
  1966 | D:4      | Reached skill level 6 in Polearms
  2305 | D:4      | Found a staircase to the Ecumenical Temple.
  2450 | D:4      | Found an opulent altar of Gozag.
  2450 | D:4      | Found an ancient bone altar of Kikubaaqudgha.
  2450 | D:4      | Found a white marble altar of Elyvilon.
  2718 | D:5      | Entered Level 5 of the Dungeon
  2727 | D:5      | Reached XP level 7. HP: 55/62 MP: 6/6
  2761 | D:5      | Reached *** piety under Trog
  2761 | D:5      | Reached skill level 7 in Polearms
  2984 | D:5      | Reached skill level 5 in Armour
  3524 | D:5      | Reached skill level 8 in Polearms
  3524 | D:5      | Reached XP level 8. HP: 71/71 MP: 7/7
  3906 | D:6      | Found a radiant altar of Vehumet.
  3971 | D:6      | Reached skill level 9 in Polearms
  3997 | D:6      | Found a shadowy altar of Dithmenos.
  4247 | D:6      | Found an iron altar of Okawaru.
  4251 | D:6      | Reached **** piety under Trog
  4364 | D:7      | Noticed Menkaure
  4370 | D:7      | Killed Menkaure
  4370 | D:7      | Reached skill level 10 in Polearms
  4651 | D:7      | Reached XP level 9. HP: 79/79 MP: 8/8
  5212 | D:7      | Reached skill level 11 in Polearms
  5613 | D:8      | Reached ***** piety under Trog
  5621 | D:8      | HP: 4/82 [orc priest/divine providence (11)]
  5621 | D:8      | Killed from afar by an orc wizard

Vault maps used:
D:1:      dpeg_arrival_ratfight
D:4:      gammafunk_temple_overflow_forgotten, minmay_temple_entry_trees,
          uniq_edmund
D:5:      serial_glass, glass_columns_b, glass_columns_c, glass_columns_a,
          first_bread, dk_vineyard_1, sigmund_army
D:6:      fiery_altar_vehumet, nicolae_dithmenos_the_darkroom,
          kennysheep_okawaru_gauntlet
D:7:      grunt_ogre_cave, uniq_menkaure
D:8:      lemuel_castle_with_subvaults, uniq_joseph

Skill      XL: |  1  2  3  4  5  6  7  8  9 |
---------------+----------------------------+-----
Fighting       | 4 5 6 7 8 |  8.8
Polearms       | 4 5 6 8 10 11 | 11.8
Armour         | 3 4 5 7 8 |  8.3
Stealth        | 1 2 |  2.2
Dodging        | 3 4 |  4.4

Action                   |  1- 3 |  4- 6 |  7- 9 || total
-------------------------+-------+-------+-------++-------
Melee: Spear             |    69 |   107 |     4 ||   180
       Headbutt          |     6 |    15 |    54 ||    75
       Trident           |       |       |   285 ||   285
       Halberd           |       |       |    23 ||    23
Invok: Berserk           |     1 |     2 |     4 ||     7
       Burn Spellbooks   |       |       |     2 ||     2
  Use: Scroll            |       |       |     4 ||     4
 Stab: Sleeping          |     2 |     1 |       ||     3
  Eat: Chunk             |     3 |     6 |    12 ||    21
Armor: Ring mail         |    10 |    18 |    20 ||    48
       Animal skin       |     2 |       |       ||     2
       Scale mail        |       |       |    48 ||    48
Dodge: Dodged            |    22 |    45 |   131 ||   198

Table legend:
 A = Spawn XP
 B = Non-spawn XP
 C = Spawn XP percentage of total XP
 D = Spawn monster count
 E = Non-spawn monster count
 F = Spawn count percentage of total count
 G = Total turns spent on level
                    A         B        C        D         E        F      G
               +---------+---------+-------+---------+---------+-------+---------
         Total |       0 |    5222 |   0.0 |       0 |     161 |   0.0 |  5621
               +---------+---------+-------+---------+---------+-------+---------
           D:1 |       0 |      26 |   0.0 |       0 |      15 |   0.0 |   777
           D:2 |       0 |      61 |   0.0 |       0 |      15 |   0.0 |   561
           D:3 |       0 |      35 |   0.0 |       0 |      12 |   0.0 |   537
           D:4 |       0 |     571 |   0.0 |       0 |      25 |   0.0 |   843
           D:5 |       0 |     827 |   0.0 |       0 |      29 |   0.0 |  1034
           D:6 |       0 |     861 |   0.0 |       0 |      18 |   0.0 |   545
           D:7 |       0 |    2139 |   0.0 |       0 |      38 |   0.0 |  1287
           D:8 |       0 |     702 |   0.0 |       0 |       9 |   0.0 |    37
               +---------+---------+-------+---------+---------+-------+---------
